Unix NetHack Version 3.7.0-102 Work-in-progress - last build Apr 6 2024 13:22:21 (d302a6a9ff6341f1a922d8f5af178406b35fdf99,branch:master). Game began 2024-04-22 05:57:22, ended 2024-04-22 06:01:20. Raisse, lawful female dwarven Archeologist --- @ .h k --- Raisse the Field Worker St:13 Dx:9 Co:11 In:15 Wi:14 Ch:9 Lawful Dlvl:8 $:39 HP:0(33) Pw:11(11) AC:9 Xp:3/66 T:789 Weak Burdened Latest messages: I - a green gem. J - a scroll labeled LOREM IPSUM. K - a scroll labeled THARR. L - a scroll labeled LEP GEX VEN ZEA. There is a grave here. Something is engraved here on the headstone. You read: "scruffles, killed by a gnome lady". There are many more objects here. M - a plumed helmet. You have a little trouble lifting N - a pair of fencing gloves. O - 8 carrots. Your movements are slowed slightly because of your load. Scruffles' ghost touches you! Are you waiting to get hit? Use 'm' prefix to force a no-op (to rest). You start digging. You hit the rock with all your might. You stop digging. Scruffles' ghost touches you! You start digging. You hit the rock with all your might. You stop digging. You start digging downward. You dig a pit in the floor. You start digging downward. You stop digging. The iguana bites! You miss the iguana. The iguana bites! You hit the iguana! You hit the iguana! The iguana bites! The iguana bites! You hit the iguana. Scruffles' ghost touches you! You kill the iguana! You are beginning to feel weak. You are still in a pit. Scruffles' ghost touches you! What do you want to write with? [- akstyDEGI or ?*] - You write in the dust with your fingertip. What do you want to write in the dust here? Elbereth You continue digging downward. You dig a hole through the floor. You fall through... You die... Do you want your possessions identified? [ynq] (y) y Do you want to see your attributes? [ynq] (y) y Do you want an account of creatures vanquished? [ynaq] (y) y Do you want to see your conduct and achievements? [ynq] (y) y Do you want to see the dungeon overview? [ynq] (y) y Inventory: Coins $ - 39 gold pieces Weapons a - an uncursed +2 bullwhip (alternate weapon; not wielded) k - a cursed +0 orcish dagger s - a cursed +0 war hammer Armor m - an uncursed +0 orcish helm A - an uncursed +0 leather jacket (being worn) H - an uncursed +0 fedora (being worn) M - a cursed +0 helmet N - a cursed +0 pair of leather gloves Comestibles e - 4 uncursed food rations i - 2 uncursed cloves of garlic q - an uncursed strange object r - an uncursed homemade tin of valkyrie meat O - 8 cursed carrots Scrolls j - an uncursed scroll of light z - a cursed scroll of teleportation B - an uncursed scroll of identify F - a cursed scroll of magic mapping J - a cursed scroll of identify K - a cursed scroll of light L - a cursed scroll of fire Spellbooks n - an uncursed spellbook of restore ability Potions u - a cursed potion of speed v - an uncursed potion of extra healing w - an uncursed potion of gain energy C - an uncursed potion of healing Wands y - an uncursed wand of digging (0:5) Tools d - an uncursed +0 pick-axe (weapon in right hand) l - an uncursed tinning kit (0:89) x - an empty uncursed sack Gems/Stones t - an uncursed touchstone D - 2 uncursed worthless pieces of violet glass E - an uncursed sapphire G - a cursed worthless piece of yellow glass I - a cursed jade stone Raisse the Archeologist's attributes: Background: You were a Field Worker, a level 3 female dwarven Archeologist. You were lawful, on a mission for Quetzalcoatl who was opposed by Camaxtli (neutral) and Huhetotl (chaotic). You were right-handed. You were in the Gnomish Mines, on level 8. You entered the dungeon 789 turns ago. There was a full moon in effect when your adventure ended. You had 66 experience points, 14 more were needed to attain level 4. Basics: You had 0 out of 33 hit points. You had all 11 energy points (spell power). Your armor class was 9. Your wallet contained 39 zorkmids. Autopickup was on for '$!?/"=+' plus thrown, with exceptions. Final Characteristics: Your strength was 13 (base:14, limit:18/100). Your dexterity was 9 (limit:20). Your constitution was 11 (limit:20). Your intelligence was 15 (limit:16). Your wisdom was 14 (limit:16). Your charisma was 9 (limit:16). Final Status: You were weak from severe hunger. You were burdened; movement was slightly slowed. You were wielding a pick-axe. You had basic skill with pick-axe. Final Attributes: You were fervently aligned. You had automatic searching. You had infravision. You were lucky. You are dead. Miscellaneous: You encountered 2 bones levels. Total elapsed playing time was 3 minutes and 57 seconds. Major events: Turn 1: Raisse the lawful female dwarven Archeologist entered the dungeon 488: attained the rank of Field Worker (level 3) 563: entered the Gnomish Mines 789: reached Mine Town 789: killed by falling down a mine shaft Vanquished creatures: a shrieker a kitten 2 iguanas a large kobold 3 giant rats a brown mold a gnome zombie a gecko a kobold a goblin 2 bats 2 newts 17 creatures vanquished. No species were genocided or became extinct. Voluntary challenges: You were an atheist. You read items or engraved 3 times. You never engraved Elbereth. You never genocided any monsters. You never polymorphed an object. You never changed form. You used no wishes. Achievements: You attained the rank of Field Worker. You entered the Gnomish Mines. You entered Minetown. The Dungeons of Doom: levels 1 to 4 Level 1: A fountain. Level 2: Level 3: A fountain. Level 4: Stairs down to The Gnomish Mines. The Gnomish Mines: levels 5 to 8 Level 5: Level 6: Level 7: A grave. Final resting place for scruffles-Kni-Hum-Mal-Law, killed by a gnome lady. Level 8: <- You were here. Final resting place for you, killed by falling down a mine shaft, scruffles-Val-Dwa-Fem-Law, killed by a watchman. Game over: ---------- / \ / REST \ / IN \ / PEACE \ / \ | Raisse | | 39 Au | | killed by | | falling down a | | mine shaft | | | | 2024 | *| * * * | * _________)/\\_//(\/(/\)/\//\/|_)_______ Goodbye Raisse the Archeologist... You died in The Gnomish Mines on dungeon level 8 with 660 points, and 39 pieces of gold, after 789 moves. You were level 3 with a maximum of 33 hit points when you died.